 Dungeon Crawl Stone Soup version 0.19-a0-1662-gb81896f (webtiles) character file.

375 Ginkk the Skirmisher (level 6, 0/48 HPs)
             Began as a Demonspawn Abyssal Knight on Sept 21, 2016.
             Was a Believer of Lugonu.
             Succumbed to a scorpion's poison
             ... on level 4 of the Dungeon.
             The game lasted 00:12:08 (1475 turns).

Ginkk the Skirmisher (Demonspawn Abyssal Knight)    Turns: 1475, Time: 00:12:08

Health: 0/48       AC:  5    Str: 12 (13) XL:     6   Next: 44%
Magic:  7/7        EV:  8    Int: 14 (15) God:    Lugonu [**....]
Gold:   98         SH:  7    Dex: 11 (12) Spells: 0 memorised, 5 levels left

rFire  + . .     SeeInvis .     a - +3 mace
rCold  . . .     Gourm    .     g - +0 ring mail
rNeg   . . .     Faith    .     l - +0 shield
rPois  .         Spirit   .     (no helmet)
rElec  .         Dismiss  .     (no cloak)
rCorr  .         Reflect  .     (no gloves)
MR     .....     Harm     .     (no boots)
Stlth  +.........               h - amulet of regeneration
                                (no ring)
                                (no ring)

@: lethally poisoned (0 -> -8)
A: talons 1, fire resistance 1
a: Depart the Abyss, Bend Space, Renounce Religion


You were on level 4 of the Dungeon.
You worshipped Lugonu.
Lugonu was pleased with you.
You were not hungry.

You visited 1 branch of the dungeon, and saw 5 of its levels.
You visited the Abyss 1 time.

You collected 98 gold pieces.

Inventory:

Hand Weapons
 a - a +3 mace (weapon)
 p - a +0 flail
Missiles
 e - 53 stones (quivered)
 f - 15 bolts
 i - 71 sling bullets
 j - 17 poisoned needles
 m - 10 arrows
Armour
 g - a +0 ring mail (worn)
 l - a +0 shield (worn)
Jewellery
 h - an amulet of regeneration (around neck)
Scrolls
 n - a scroll of teleportation
Comestibles
 b - 2 meat rations
 c - 3 bread rations
 d - 9 chunks of flesh
 k - a slice of pizza
 r - 4 fruits


   Skills:
 + Level 4.2 Fighting
 + Level 3.5 Maces & Flails
 + Level 1.0 Throwing
 + Level 3.1 Armour
 + Level 2.8 Dodging
 + Level 0.6 Shields
 + Level 2.6 Invocations


You had 5 spell levels left.
You didn't know any spells.

Dungeon Overview and Level Annotations

Branches:
Dungeon (5/15)
 Temple: D:4-7

Altars:


Innate Abilities, Weirdness & Mutations

You have sharp toenails.
Your flesh is heat resistant. (rF+)


Message History

You feel sick. The scorpion stings you.
* * * LOW HITPOINT WARNING * * *
You are lethally poisoned!
The scorpion poisons you! You block the scorpion's attack.
As you read the scroll of teleportation, it crumbles to dust.
You feel strangely unstable.
* * * LOW HITPOINT WARNING * * *
You feel sick. You block the scorpion's attack.
* * * LOW HITPOINT WARNING * * *
You feel sick.
Your surroundings suddenly seem different.
* * * LOW HITPOINT WARNING * * *
You feel sick.
There is a lethal amount of poison in your body!
* * * LOW HITPOINT WARNING * * *
You feel sick.
Some of the chunks of flesh in your inventory have rotted away.
* * * LOW HITPOINT WARNING * * *
You feel sick.
You die...

# .. .#####. .#
.......####.# .#
#..........### ## #.
#............#... ..
#..............##
.####............##..
#.#......#...........#
###...####.#....@...####
>....##.............#
....................#
.....##......)......####
....###.................
....###.............####
.................##.#
.................# .#
.#...............# #


There were no monsters in sight!

Vanquished Creatures
  A phantom (D:5)
  A scorpion (D:4)
  An orc priest (D:5)
  A hound (D:4)
  Jessica (D:3)
  3 orc wizards
  4 adders
  A dart slug (D:4)
  A leopard gecko (D:3)
  4 orcs
  3 giant cockroaches
  3 goblins
  3 jackals (D:3)
  A ball python (D:5)
  4 bats
  3 frilled lizards
  4 kobolds
  3 rats
42 creatures vanquished.

Notes
Turn   | Place    | Note
-------+----------+-------------------------------------------
     0 | Abyss:1  | Ginkk the Demonspawn Abyssal Knight began the quest for the Orb.
     0 | Abyss:1  | Reached XP level 1. HP: 18/18 MP: 2/2
    29 | Abyss:1  | Noticed a small abomination
    39 | D:1      | Escaped the Abyss
    49 | D:1      | Noticed an ogre
   307 | D:1      | Gained mutation: Your flesh is heat resistant. (rF+) [demonic ancestry]
   307 | D:1      | Reached XP level 2. HP: 24/24 MP: 3/3
   543 | D:3      | Reached skill level 1 in Dodging
   668 | D:5      | Entered Level 5 of the Dungeon
   693 | D:5      | Reached XP level 3. HP: 28/29 MP: 4/4
   724 | D:5      | Reached ** piety under Lugonu
   758 | D:5      | Reached XP level 4. HP: 15/37 MP: 5/5
   827 | D:4      | Noticed a phantom
   890 | D:4      | Reached skill level 4 in Fighting
   966 | D:5      | Killed a phantom
   966 | D:5      | Gained mutation: You have sharp toenails. [demonic ancestry]
   966 | D:5      | Reached XP level 5. HP: 37/42 MP: 6/6
  1175 | D:3      | Noticed Jessica
  1184 | D:3      | Killed Jessica
  1184 | D:3      | Reached skill level 1 in Throwing
  1184 | D:3      | Reached XP level 6. HP: 21/48 MP: 7/7
  1474 | D:4      | HP: 2/48 [poisoned by a scorpion]
  1475 | D:4      | Succumbed to a scorpion's poison

Vault maps used:
D:1:      evilmike_arrival_come_back, minmay_pentomino_q4
D:2:      minitemple, uniq_terence
D:3:      uniq_jessica
D:4:      gup_sewer_entry_spiral, first_bread
D:5:      basic_altar, feat_on_display

Skill      XL: |  1  2  3  4  5  6 |
---------------+-------------------+-----
Dodging        | 1 2 |  2.8
Maces & Flails | 2 3 |  3.5
Armour         | 2 3 |  3.1
Fighting       | 4 |  4.2
Throwing       | 1 |  1.0
Shields        | |  0.6
Invocations    | |  2.6

Action                   |  1- 3 |  4- 6 || total
-------------------------+-------+-------++-------
Melee: Mace              |    74 |   120 ||   194
       Kick              |       |    19 ||    19
Throw: Stone             |     2 |    16 ||    18
  Use: Scroll            |     2 |     5 ||     7
       Potion            |     1 |     2 ||     3
  Eat: Chunk             |       |     3 ||     3
Armor: Leather armour    |    11 |       ||    11
       Ring mail         |    26 |    41 ||    67
Dodge: Dodged            |    63 |    33 ||    96
Block: Shield            |       |    35 ||    35
